 Dungeon Crawl Stone Soup version 0.17-a0-1625-g47e540b (webtiles) character file.

271544 Duffy the Fencer (level 21, 164/164 HPs)
             Began as a Formicid Earth Elementalist on Aug 2, 2015.
             Was the Champion of Makhleb.
             Quit the game on level 1 of the Lair of Beasts.
             The game lasted 03:38:02 (74093 turns).

Duffy the Fencer (Formicid Earth Elementalist)     Turns: 74093, Time: 03:38:02

Health: 164/164    AC: 24    Str: 18    XL:     21   Next: 52%
Magic:  35/35      EV: 18    Int: 18    God:    Makhleb [******]
Gold:   4131       SH: 13    Dex: 16    Spells: 12 memorised, 1 level left

rFire  . . .     SeeInvis +     a - +8 double sword (holy)
rCold  . . .     Clarity  +     j - +5 swamp dragon armour
rNeg   + . .     SustAt   .     T - +2 shield
rPois  +         Gourm    .     (helmet unavailable)
rElec  .         Spirit   .     A - +2 cloak {MR+}
rCorr  .         Warding  .     Z - +2 pair of gloves {Str+3}
rMut   .         Stasis   +     Y - +2 pair of boots
MR     +++..                    m - amulet of clarity
Stlth  ++........               L - ring of positive energy
                                v - +2 ring of slaying

@: studying Stealth, drained, extremely resistant to hostile enchantments,
unstealthy
A: permanent stasis, dig shafts and tunnels, four strong arms, antennae 3
a: Dig, Shaft Self, Minor Destruction, Lesser Servant of Makhleb, Major
Destruction, Greater Servant of Makhleb, Renounce Religion
}: 1/15 runes: serpentine


You were on level 1 of the Lair of Beasts.
You worshipped Makhleb.
Makhleb was exalted by your worship.
You were not hungry.

You visited 7 branches of the dungeon, and saw 38 of its levels.
You also visited: Labyrinth and Ice Cave.

You collected 5244 gold pieces.
You spent 1113 gold pieces at shops.


Innate Abilities, Weirdness & Mutations

You are under a permanent stasis effect.
You can dig through walls and to a lower floor.
Your four strong arms can wield two-handed weapons with a shield.
You have a pair of large antennae on your head (SInv).


   Skills:
 + Level 13.7(13.6) Fighting
 - Level 16.0(15.8) Long Blades
 - Level 8.0(7.9) Armour
 + Level 11.7(11.6) Dodging
 - Level 2.4(2.3) Stealth
 - Level 9.0(8.8) Shields
 - Level 10.0(9.8) Spellcasting
 - Level 12.2(12.1) Conjurations
 - Level 7.5(7.4) Charms
 - Level 7.0(6.8) Necromancy
 - Level 2.0(1.9) Transmutations
 - Level 12.5(12.4) Fire Magic
 - Level 2.5(2.4) Air Magic
 - Level 12.8(12.7) Earth Magic
 - Level 6.8(6.7) Invocations
 - Level 5.4(5.3) Evocations


You had one spell level left.
You knew the following spells:

 Your Spells              Type           Power        Failure   Level  Hunger
a - Stone Arrow           Conj/Erth      ######       1%          3    None
c - Conjure Flame         Conj/Fire      ######..     1%          3    None
e - Lee's Rapid Deconstr  Erth           ######....   1%          5    #####..
f - Fireball              Conj/Fire      ######....   2%          5    #####..
g - Passage of Golubria   Tloc           N/A          98%         4    ###....
p - Passwall              Trmt/Erth      #####.....   1%          3    None
r - Regeneration          Chrm/Necr      ####......   1%          3    None
s - Sticky Flame          Conj/Fire      ######..     1%          4    ###....
t - Petrify               Trmt/Erth      #####...     10%         4    ###....
A - Apportation           Tloc           #.........   17%         1    None
M - Repel Missiles        Chrm/Air       ####..       3%          2    None
N - Swiftness             Chrm/Air       ####....     3%          2    None

Inventory:

Hand weapons
 a - a +8 double sword of holy wrath (weapon)
 b - a +8 great sword of freezing
 g - a +0 blowgun
Missiles
 k - 4 throwing nets (quivered)
 s - 6 curare-tipped needles
 w - 136 poisoned needles
Armour
 j - a +5 swamp dragon armour (worn)
 A - a +2 cloak of magic resistance (worn)
 T - a +2 shield (worn)
 Y - a +2 pair of boots (worn)
 Z - a +2 pair of gloves of strength (worn)
Magical staves
 M - an uncursed staff of earth
Jewellery
 e - an uncursed ring of invisibility
 m - an amulet of clarity (around neck)
 n - an uncursed ring of sustain attributes
 q - an uncursed ring of protection from cold
 v - a +2 ring of slaying (left hand)
 E - an uncursed amulet of resist mutation
 G - an uncursed ring of fire
 L - a ring of positive energy (right hand)
Magical devices
 D - a wand of digging (7)
 Q - a wand of paralysis (12)
Scrolls
 h - 13 scrolls of remove curse
 o - 7 scrolls of magic mapping
 p - a scroll of silence
 z - 4 scrolls of fog
 F - 6 scrolls of recharging
 H - 3 scrolls of amnesia
 K - 4 scrolls of vulnerability
 R - a scroll of summoning
 S - 7 scrolls of identify
 U - 3 scrolls of fear
 X - 3 scrolls of holy word
Potions
 c - 2 potions of cure mutation
 d - 2 potions of resistance
 i - 11 potions of curing
 t - 5 potions of flight
 x - 9 potions of heal wounds
 C - 2 potions of brilliance
 I - 7 potions of might
 J - 8 potions of agility
 W - 3 potions of magic
Books
 f - a manual of Stealth
Miscellaneous
 y - a fan of gales
 O - a phial of floods
Comestibles
 l - 4 royal jellies
 u - 18 bread rations
 B - 20 meat rations

Dungeon Overview and Level Annotations

Branches:
Dungeon (15/15)            Temple (1/1) D:4            Lair (8/8) D:11
  Swamp (3/4) Lair:3        Snake (4/4) Lair:3        Slime (0/6) Lair:8
    Orc (4/4) D:11            Elf (3/3) Orc:3        Vaults (0/5) D:13
 Depths (0/5) D:15

Altars:
Ashenzari
Cheibriados
Dithmenos
Elyvilon
Fedhas
Gozag
Kikubaaqudgha
Makhleb
Nemelex Xobeh
Okawaru
Qazlal
Ru
Sif Muna
Trog
Vehumet
Xom
Yredelemnul
Zin
The Shining One

Shops:
D:6 !   Orc:2 *   Orc:4 *?}   Elf:3 %?   Snake:3 (

Portals:
Trove: Elf:2 (give 2 scrolls of acquirement)

Annotations:
D:10 Snorg
Elf:2 3 runed doors


Message History

Items here: ( )) [ a scale mail; 10 arrows; a short sword; a shortbow
Things that are here:
a ring mail; a rapier
There is an open door here.
There is an open door here.
There is a stone staircase leading up here.
You climb upwards.
Level annotation: 3 runed doors
There is a stone staircase leading down here.
There is an open door here.
There is a stone staircase leading up here.
You climb upwards.
There is a stone staircase leading down, spattered with blood here.
You see here an arrow.
There is a staircase back to the Mines here.
You climb upwards.
Welcome back to the Orcish Mines!
There is a staircase to the Elven Halls here.
There is a stone staircase leading up here.
You climb upwards.
There is a stone staircase leading down here.
There is a stone staircase leading up here.
You climb upwards.
There is a stone staircase leading down here.
There is a staircase back to the Dungeon here.
You climb upwards.
Welcome back to the Dungeon!
There is a staircase to the Orcish Mines here.
There is a staircase to the Lair here.
You climb downwards.
Welcome to the Lair of Beasts!
There is a staircase back to the Dungeon, spattered with blood here.
Items here: !!! ) //// :::::::: = [[[[ \\ }
Okay, then.
Put on which piece of jewellery? (? for menu, Esc to quit)
Okay, then.
Are you sure you want to abandon this character and quit the game? (Confirm with "yes".)

...####
###.............## ...#
###................##
#..#
##...............##..##
#.##
#................#.....
#.P#
#......................
..## ###
##.....................
.## ###.##
##...............##†..
.####....##
##.............###...
.##.......#
##.@..........##....
.#........##
##..........###....
...........##
##........## #....
............##
##.......# #....
........)!...#
######.## ##....
.............## ##.#
#..... .P............#
#.## #####.
.............## ##..#
## ..............###
#..##


There were no monsters in sight!

Action                   |  1- 3 |  4- 6 |  7- 9 | 10-12 | 13-15 | 16-18 | 19-21 || total
-------------------------+-------+-------+-------+-------+-------+-------+-------++-------
Melee: Flail             |       |       |       |   183 |       |       |       ||   183
       Scimitar          |       |       |       |    95 |   121 |    48 |       ||   264
       Great sword       |       |       |       |       |   655 |       |  1129 ||  1784
       Double sword      |       |       |       |       |   255 |  1493 |   261 ||  2009
 Fire: Blowgun           |       |    16 |    25 |     2 |    12 |    16 |       ||    71
Throw: Stone             |       |       |       |       |     2 |       |       ||     2
 Cast: Sandblast         |    97 |    88 |   150 |   160 |    84 |       |       ||   579
       Stone Arrow       |       |       |    23 |   199 |   350 |   160 |    27 ||   759
       Conjure Flame     |       |       |       |    57 |   101 |    99 |    23 ||   280
       Sticky Flame      |       |       |       |    19 |    41 |    49 |    12 ||   121
       Fireball          |       |       |       |       |    17 |    21 |     1 ||    39
       Lee's Rapid Decon |       |       |       |       |     4 |    15 |       ||    19
       Petrify           |       |       |       |       |     1 |     1 |       ||     2
       Repel Missiles    |       |       |       |       |     1 |     1 |       ||     2
       Regeneration      |       |       |       |       |       |       |    14 ||    14
Invok: Lesser Servant of |       |       |       |       |     3 |       |       ||     3
 Abil: Dig               |       |       |       |     7 |    39 |    26 |    54 ||   126
       Evoke Invisibilit |       |       |       |       |     3 |     4 |     1 ||     8
Evoke: Wand              |       |       |       |       |     5 |       |       ||     5
  Use: Scroll            |       |     7 |     4 |     8 |    18 |    11 |    11 ||    59
       Potion            |       |       |       |     2 |     5 |     5 |       ||    12
 Stab: Sleeping          |       |     1 |     7 |     3 |     7 |     4 |       ||    22
       Invisible         |       |       |       |       |     8 |    12 |     3 ||    23
       Distracted        |       |       |       |       |     3 |     1 |       ||     4
  Eat: Chunk             |     5 |     9 |    12 |    33 |    82 |    34 |    23 ||   198
       Fruit             |       |       |       |     2 |     8 |    25 |     4 ||    39
       Beef jerky        |       |       |       |     2 |     2 |     2 |     2 ||     8
       Bread ration      |       |       |       |     1 |       |     1 |       ||     2
       Pizza             |       |       |       |     4 |       |     2 |     1 ||     7
       Royal jelly       |       |       |       |       |       |     3 |     6 ||     9
       Meat ration       |       |       |       |       |       |     1 |       ||     1

Notes
Turn   | Place    | Note
--------------------------------------------------------------
     0 | D:1      | Duffy the Formicid Earth Elementalist began the quest for the Orb.
     0 | D:1      | Reached XP level 1. HP: 13/13 MP: 3/3
   336 | D:1      | Reached XP level 2. HP: 14/19 MP: 0/5
   462 | D:1      | Reached skill level 4 in Earth Magic
  1289 | D:1      | Reached XP level 3. HP: 20/24 MP: 1/7
  1591 | D:2      | Reached skill level 3 in Spellcasting
  1683 | D:1      | Learned a level 3 spell: Stone Arrow
  1687 | D:1      | Learned a level 3 spell: Passwall
  2381 | D:2      | Reached XP level 4. HP: 30/30 MP: 6/9
  3114 | D:3      | Reached skill level 5 in Earth Magic
  3394 | D:3      | Reached XP level 5. HP: 35/35 MP: 5/10
  3904 | D:3      | Noticed Ijyb
  3920 | D:2      | Killed Ijyb
  3920 | D:2      | Reached skill level 4 in Spellcasting
  4086 | D:3      | Found a bloodstained altar of Trog.
  4096 | D:3      | Learned a level 5 spell: Lee's Rapid Deconstruction
  4421 | D:3      | Reached XP level 6. HP: 39/41 MP: 8/12
  4465 | D:4      | Reached skill level 6 in Earth Magic
  4770 | D:4      | Noticed an ogre
  5156 | D:4      | Noticed an ogre
  5161 | D:4      | Noticed Menkaure
  5170 | D:4      | Killed an ogre
  5170 | D:4      | Reached skill level 5 in Spellcasting
  5170 | D:4      | Reached XP level 7. HP: 46/46 MP: 10/14
  5206 | D:4      | Killed Menkaure
  5206 | D:4      | Reached skill level 1 in Fighting
  5206 | D:4      | Reached skill level 7 in Earth Magic
  5269 | D:4      | Reached skill level 2 in Fighting
  5486 | D:4      | Found a staircase to the Ecumenical Temple.
  5497 | Temple   | Entered the Ecumenical Temple
  5577 | Temple   | Became a worshipper of Makhleb the Destroyer
  5625 | D:4      | Found a blossoming altar of Fedhas.
  5774 | D:4      | Noticed Crazy Yiuf
  5783 | D:4      | Killed Crazy Yiuf
  5922 | D:4      | Killed an ogre
  6163 | D:5      | Entered Level 5 of the Dungeon
  6189 | D:5      | Reached XP level 8. HP: 56/56 MP: 14/16
  6208 | D:5      | Learned a level 4 spell: Petrify
  6315 | D:5      | Reached skill level 6 in Spellcasting
  6372 | D:5      | Reached skill level 8 in Earth Magic
  6448 | D:5      | Reached skill level 3 in Fighting
  6628 | D:5      | Noticed Grinder
  6644 | D:5      | Killed Grinder
  6644 | D:5      | Reached skill level 4 in Fighting
  6682 | D:5      | Reached skill level 5 in Fighting
  6934 | D:5      | Acquired Makhleb's first power
  7011 | D:6      | Reached skill level 2 in Transmutations
  7133 | D:6      | Reached skill level 1 in Conjurations
  7205 | D:6      | Reached skill level 2 in Conjurations
  7284 | D:6      | Reached XP level 9. HP: 61/68 MP: 16/18
  7327 | D:6      | Reached skill level 3 in Conjurations
  7581 | D:6      | You fall through a shaft for 2 floors!
  7675 | D:8      | Reached skill level 4 in Conjurations
  7927 | D:8      | Reached skill level 2 in Dodging
  8131 | D:8      | Reached skill level 3 in Dodging
  8132 | D:8      | Reached skill level 9 in Earth Magic
  8229 | D:8      | Acquired Makhleb's second power
  8615 | D:7      | Reached skill level 4 in Dodging
  8753 | D:7      | Noticed Joseph
  8807 | D:7      | Killed Joseph
  8807 | D:7      | Reached skill level 10 in Earth Magic
  8807 | D:7      | Reached XP level 10. HP: 40/74 MP: 10/19
  8993 | D:7      | Reached skill level 5 in Dodging
  9201 | D:7      | Reached skill level 2 in Shields
  9301 | D:7      | Reached skill level 3 in Shields
  9581 | D:6      | Reached skill level 6 in Fighting
  9759 | D:6      | Learned a level 3 spell: Conjure Flame
  9782 | D:6      | Found Tunuc's Distillery.
  9790 | D:6      | Bought 2 potions of brilliance for 80 gold pieces
  9790 | D:6      | Bought a potion of curing for 30 gold pieces
  9790 | D:6      | Bought a potion of curing for 30 gold pieces
 10070 | D:6      | Reached skill level 1 in Fire Magic
 10311 | D:8      | Found a radiant altar of Vehumet.
 10420 | D:8      | Reached skill level 5 in Conjurations
 10422 | D:8      | Acquired Makhleb's third power
 10562 | D:8      | Reached skill level 2 in Fire Magic
 11275 | D:8      | Found a deep blue altar of Sif Muna.
 11322 | D:8      | Found a shimmering altar of Xom.
 11324 | D:8      | Found a glowing silver altar of Zin.
 11324 | D:8      | Found a bloodstained altar of Trog.
 11327 | D:8      | Found a shadowy altar of Dithmenos.
 11369 | D:8      | Reached skill level 3 in Fire Magic
 11617 | D:9      | Noticed Maurice
 11701 | D:9      | Killed Maurice
 11701 | D:9      | Reached skill level 6 in Conjurations
 11701 | D:9      | Reached skill level 4 in Fire Magic
 12116 | D:9      | Reached XP level 11. HP: 81/81 MP: 16/20
 12373 | D:9      | Learned a level 4 spell: Sticky Flame
 12447 | D:9      | Acquired Makhleb's fourth power
 12458 | D:9      | Reached skill level 5 in Fire Magic
 12898 | D:10     | Entered Level 10 of the Dungeon
 13111 | D:9      | Reached skill level 7 in Spellcasting
 13154 | D:10     | Noticed Grum
 13271 | D:10     | Reached skill level 6 in Fire Magic
 13598 | D:10     | Found an opulent altar of Gozag.
 13655 | D:9      | Acquired Makhleb's fifth power
 13854 | D:10     | Noticed a hill giant
 13871 | D:10     | Killed a hill giant
 14142 | D:10     | Reached skill level 7 in Fire Magic
 14197 | D:10     | Reached skill level 7 in Conjurations
 14484 | D:10     | Noticed a hill giant
 14511 | D:10     | Killed a hill giant
 14707 | D:10     | Killed Grum
 15186 | D:10     | Noticed Snorg
 15248 | D:11     | Noticed a cyan ugly thing
 15259 | D:11     | Killed a cyan ugly thing
 15632 | D:11     | Noticed Nergalle
 15669 | D:11     | Reached skill level 8 in Fire Magic
 15690 | D:11     | Found a staircase to the Orcish Mines.
 16040 | D:11     | Found a blossoming altar of Fedhas.
 16134 | D:11     | Reached XP level 12. HP: 89/89 MP: 2/23
 16262 | D:11     | Found a staircase to the Lair.
 16299 | D:11     | Killed Nergalle
 16299 | D:11     | Reached skill level 7 in Fighting
 16478 | D:11     | Noticed Erica
 16611 | D:11     | Killed Erica
 16611 | D:11     | Reached skill level 8 in Spellcasting
 16611 | D:11     | Reached skill level 2 in Invocations
 17088 | D:11     | Noticed Fannar
 17088 | D:11     | Noticed a hill giant
 17114 | D:11     | Killed a hill giant
 17114 | D:11     | Reached skill level 3 in Invocations
 17233 | D:11     | Killed Fannar
 17233 | D:11     | Reached skill level 4 in Invocations
 17654 | D:11     | Found a basalt altar of Yredelemnul.
 17959 | D:11     | Reached skill level 9 in Spellcasting
 17959 | D:11     | Reached skill level 5 in Invocations
 18806 | D:12     | Reached skill level 6 in Invocations
 19604 | D:10     | Noticed a cyclops
 19618 | D:10     | Killed a cyclops
 19618 | D:10     | Reached skill level 8 in Fighting
 20340 | Lair:1   | Entered Level 1 of the Lair of Beasts
 20770 | Lair:1   | Reached skill level 9 in Fighting
 21116 | Lair:1   | Reached XP level 13. HP: 95/101 MP: 26/26
 21617 | Lair:2   | Noticed Conn321's ghost (powerful CeAM)
 21826 | Lair:2   | Reached skill level 10 in Fighting
 23291 | Lair:1   | Reached skill level 6 in Dodging
 23637 | Lair:3   | Noticed Harold
 23662 | Lair:3   | Killed Harold
 23662 | Lair:3   | Reached skill level 7 in Dodging
 23827 | Lair:3   | Found a staircase to the Snake Pit.
 23988 | Lair:3   | Found a staircase to the Swamp.
 24228 | Lair:3   | Reached skill level 1 in Evocations
 24371 | Lair:3   | Reached skill level 2 in Evocations
 24682 | Lair:3   | Reached skill level 3 in Evocations
 25660 | Lair:3   | Reached skill level 4 in Evocations
 25795 | Lair:4   | Reached skill level 8 in Dodging
 25887 | Lair:4   | Found a radiant altar of Vehumet.
 26734 | Lair:4   | Reached skill level 5 in Evocations
 27666 | Lair:1   | Learned a level 5 spell: Fireball
 27715 | Orc:1    | Entered Level 1 of the Orcish Mines
 28238 | Orc:2    | Found Zaruschoem's General Store.
 28246 | Orc:2    | Bought a scroll of identify for 28 gold pieces
 28395 | Orc:2    | Found a frozen archway.
 28420 | IceCv    | Entered an ice cave
 28525 | IceCv    | Reached skill level 9 in Dodging
 28716 | IceCv    | Reached XP level 14. HP: 111/111 MP: 2/27
 29360 | IceCv    | Reached skill level 8 in Conjurations
 29540 | IceCv    | Noticed a frost giant
 29870 | IceCv    | Killed a frost giant
 31806 | Orc:3    | Reached skill level 1 in Long Blades
 32292 | Orc:3    | Reached skill level 2 in Long Blades
 32799 | Orc:3    | Learned a level 2 spell: Repel Missiles
 32995 | D:13     | Noticed Erolcha
 32999 | D:13     | Killed Erolcha
 32999 | D:13     | Reached skill level 3 in Long Blades
 33157 | D:13     | Reached skill level 9 in Fire Magic
 33279 | D:13     | Found a gate to the Vaults.
 33451 | D:13     | Reached skill level 4 in Long Blades
 34482 | D:13     | Reached skill level 5 in Long Blades
 34482 | D:13     | Reached skill level 9 in Conjurations
 36070 | D:14     | Reached skill level 6 in Long Blades
 36285 | D:14     | Reached XP level 15. HP: 117/117 MP: 28/28
 36455 | Orc:4    | Entered Level 4 of the Orcish Mines
 36548 | Orc:4    | Found a labyrinth entrance.
 36564 | Lab      | Entered a labyrinth
 37172 | Lab      | Identified Sif Muna's Reference Book on Boosts (You found it in a labyrinth)
 37178 | Lab      | Got a thick robe
 37189 | Lab      | Identified the +2 robe of the Crypt {Int+4 SInv} (You found it in a labyrinth)
 37224 | Orc:4    | Learned a level 2 spell: Swiftness
 37692 | Orc:3    | Found a staircase to the Elven Halls.
 37702 | Orc:3    | Reached skill level 7 in Long Blades
 38537 | Orc:4    | Noticed Maud
 38850 | Orc:4    | Reached skill level 8 in Long Blades
 39348 | Orc:4    | Found Ificrese's Gadget Boutique.
 39348 | Orc:4    | Found Sinuitepn's General Store.
 39348 | Orc:4    | Found Tizoho's Magic Scroll Shoppe.
 39348 | Orc:4    | Found Vuupp's Antique Weapon Shop.
 39843 | Orc:4    | Reached skill level 9 in Long Blades
 40811 | Orc:4    | Found Sinuitepn's General Store.
 40811 | Orc:4    | Found Ificrese's Gadget Boutique.
 40812 | Orc:4    | Found Tizoho's Magic Scroll Shoppe.
 41266 | Orc:4    | Killed Maud
 41599 | Orc:4    | Bought a scroll of enchant weapon for 120 gold pieces
 41599 | Orc:4    | Bought a scroll of identify for 32 gold pieces
 41599 | Orc:4    | Bought a scroll of identify for 32 gold pieces
 41599 | Orc:4    | Bought a scroll of identify for 32 gold pieces
 41599 | Orc:4    | Bought a scroll of recharging for 152 gold pieces
 41599 | Orc:4    | Bought a scroll of identify for 32 gold pieces
 41603 | Orc:4    | Bought a scroll of amnesia for 56 gold pieces
 41605 | Orc:4    | Bought a scroll of enchant weapon for 82 gold pieces
 41605 | Orc:4    | Bought a scroll of enchant armour for 82 gold pieces
 41605 | Orc:4    | Bought a potion of heal wounds for 55 gold pieces
 41940 | Lair:2   | Killed Conn321's ghost
 41940 | Lair:2   | Reached skill level 10 in Long Blades
 44190 | Lair:5   | Reached skill level 11 in Long Blades
 45534 | Lair:6   | Reached skill level 12 in Long Blades
 45585 | Lair:6   | Reached XP level 16. HP: 123/123 MP: 26/29
 46643 | Lair:7   | Reached skill level 13 in Long Blades
 47819 | Lair:7   | Reached skill level 14 in Long Blades
 47950 | Lair:7   | Reached skill level 1 in Charms
 47960 | Lair:7   | Reached skill level 1 in Air Magic
 48127 | Lair:8   | Entered Level 8 of the Lair of Beasts
 48373 | Lair:8   | Reached skill level 2 in Charms
 48725 | Lair:8   | Reached skill level 4 in Shields
 48924 | Lair:8   | Reached skill level 5 in Shields
 49257 | Lair:8   | Found a staircase to the Slime Pits.
 49304 | Lair:8   | Reached skill level 6 in Shields
 49510 | Lair:8   | Reached skill level 7 in Shields
 49885 | Lair:8   | Reached skill level 8 in Shields
 50068 | Lair:8   | Reached skill level 9 in Shields
 50068 | Lair:8   | Reached XP level 17. HP: 129/129 MP: 30/30
 50234 | Lair:8   | Reached skill level 2 in Air Magic
 50489 | Lair:8   | Reached skill level 3 in Charms
 50834 | Lair:8   | Reached skill level 4 in Charms
 51300 | Lair:8   | Reached skill level 5 in Charms
 51950 | D:15     | Entered Level 15 of the Dungeon
 52149 | D:15     | Reached skill level 11 in Earth Magic
 52232 | D:15     | Found a blossoming altar of Fedhas.
 52346 | D:15     | Noticed Roxanne
 52870 | D:15     | Reached skill level 12 in Earth Magic
 53127 | D:15     | Reached skill level 10 in Fire Magic
 53839 | D:15     | Reached skill level 10 in Conjurations
 54184 | D:15     | Found a staircase to the Depths.
 54559 | D:15     | Killed Roxanne
 54559 | D:15     | Reached skill level 11 in Fighting
 54922 | Swamp:1  | Entered Level 1 of the Swamp
 55396 | Swamp:1  | Reached skill level 1 in Armour
 55445 | Swamp:1  | Reached skill level 2 in Armour
 55744 | Swamp:1  | Reached skill level 3 in Armour
 56280 | Swamp:1  | Reached skill level 4 in Armour
 56464 | Swamp:2  | Reached XP level 18. HP: 93/138 MP: 31/31
 57002 | Swamp:2  | Reached skill level 5 in Armour
 58038 | Swamp:2  | Reached skill level 6 in Armour
 59494 | Swamp:3  | Reached skill level 7 in Armour
 59683 | Swamp:3  | Reached skill level 15 in Long Blades
 60592 | Snake:1  | Entered Level 1 of the Snake Pit
 60846 | Snake:1  | Reached skill level 8 in Armour
 61115 | Snake:1  | Noticed Kirke
 61123 | Snake:1  | Killed Kirke
 61188 | Snake:1  | Noticed Azrael
 61292 | Snake:1  | Killed Azrael
 63719 | Snake:3  | Reached skill level 16 in Long Blades
 63741 | Snake:2  | Reached XP level 19. HP: 130/144 MP: 24/32
 64092 | Snake:3  | Learned a level 3 spell: Regeneration
 64907 | Snake:3  | Reached skill level 11 in Fire Magic
 64964 | Snake:3  | Found Baneqynuno's Weapon Shop.
 65708 | Snake:3  | Reached skill level 11 in Conjurations
 66022 | Snake:4  | Entered Level 4 of the Snake Pit
 67046 | Snake:4  | Reached skill level 10 in Spellcasting
 67347 | Snake:4  | Reached skill level 12 in Fire Magic
 67484 | Snake:4  | Reached skill level 12 in Conjurations
 67512 | Snake:4  | Reached XP level 20. HP: 140/151 MP: 27/34
 67616 | Snake:4  | Reached skill level 1 in Necromancy
 67809 | Snake:4  | Reached skill level 2 in Necromancy
 67883 | Snake:4  | Reached skill level 3 in Necromancy
 67955 | Snake:4  | Got a serpentine rune of Zot
 68371 | Snake:4  | Reached skill level 4 in Necromancy
 68591 | Lair:1   | Learned a level 1 spell: Apportation
 68596 | Lair:1   | Learned a level 4 spell: Passage of Golubria
 68780 | Elf:1    | Entered Level 1 of the Elven Halls
 68939 | Elf:1    | Reached skill level 5 in Necromancy
 69575 | Elf:1    | Reached skill level 6 in Necromancy
 69735 | Elf:2    | Noticed Asterion
 69748 | Elf:2    | Killed Asterion
 69748 | Elf:2    | Reached skill level 6 in Charms
 70293 | Elf:2    | Reached skill level 7 in Necromancy
 70373 | Elf:2    | Found a runed gate.
 70374 | Elf:2    | Found a runed gate.
 70375 | Elf:2    | Found a runed gate.
 70435 | Elf:3    | Entered Level 3 of the Elven Halls
 70592 | Elf:3    | Noticed Norris
 70613 | Elf:3    | Killed Norris
 70613 | Elf:3    | Reached skill level 7 in Charms
 70932 | Elf:3    | Reached skill level 10 in Dodging
 71120 | Elf:3    | Found Feceuree's Food Emporium.
 71135 | Elf:3    | Noticed Saint Roka
 71181 | Elf:3    | Killed Saint Roka
 71285 | Elf:3    | Reached skill level 12 in Fighting
 71406 | Elf:3    | Found Rosax's Magic Scroll Shop.
 71412 | Elf:3    | Bought a scroll of identify for 36 gold pieces
 71412 | Elf:3    | Bought a scroll of fog for 36 gold pieces
 71412 | Elf:3    | Bought a scroll of identify for 36 gold pieces
 71412 | Elf:3    | Bought a scroll of magic mapping for 63 gold pieces
 71412 | Elf:3    | Bought a scroll of identify for 36 gold pieces
 71412 | Elf:3    | Bought a scroll of magic mapping for 63 gold pieces
 71482 | Elf:3    | Reached XP level 21. HP: 160/160 MP: 35/35
 71775 | Elf:3    | Reached skill level 11 in Dodging
 71868 | Elf:3    | Reached skill level 13 in Fighting
 72133 | Elf:3    | Noticed Aizul
 72150 | Elf:3    | Killed Aizul
 72180 | Elf:3    | Got a smoking troll leather armour
 72182 | Elf:3    | Identified the +2 troll leather armour of Twilight {Regen+ Str+4 Dex-4} (You took it off a deep elf fighter on level 3 of the Elven Halls)
 72972 | Elf:3    | Identified the Almanac of Captivating Conjuration (You found it on level 3 of the Elven Halls)
 73626 | Elf:2    | Found a portal to a secret trove of treasure.
 74093 | Lair:1   | Quit the game

Vault maps used:
D:1:      lemuel_arrival_broad_hall, serial_park_tiny_pond, st_stairs_10,
          grunt_decor_cap, hangedman_decor_points
D:2:      first_bread, minmay_misc_feat_four_crosses
D:3:      trog_three_pillars_becter, uniq_iyjb
D:4:      kennysheep_mini, minmay_temple_entry_fiery, uniq_menkaure,
          uniq_crazy_yiuf_cottage
D:5:      minivault_1, uniq_grinder
D:6:      serial_shops, shop_fountains, kennysheep_generic_room_16
D:7:      uniq_joseph
D:8:      nicolae_overflow_hidden_temple, vehumet_altar_wand_db,
          hangedman_little_slice_of_home
D:9:      dk_rats_in_the_wall, uniq_maurice
D:10:     hex_tiny, nicolae_gozag_cash_rules_everything_around_me, uniq_snorg,
          uniq_grum
D:11:     lair_0_dummy, minmay_orc_entry_guard_dogs, basic_altar,
          lemuel_mausoleum_altar_yredelemnul, uniq_erica, uniq_fannar,
          uniq_nergalle
D:13:     david_vaults_1, minmay_misc_feat_room, uniq_erolcha
D:14:     hangedman_abyss_or_decor_stagger
D:15:     gammafunk_enter_depths_forms, fedhas_altar_fruit_tree, uniq_roxanne
Temple:   temple_eino_lava_12
Lair:1:   lemuel_fruit_tree
Lair:2:   infiniplex_staircase_pool_2
Lair:3:   swamp_mist, dummy_snake_entry, grunt_megastairs_3, uniq_harold
Lair:4:   basic_altar, bh_autumn_forest_stairs
Lair:6:   grunt_megastairs_5, infiniplex_staircase_pool
Lair:8:   hangedman_lair_tendril_chambers, hangedman_lair_in_review,
          slime_dummy, zaba_antful_of_joy
Swamp:1:  evilmike_swamp_ruin_house_5
Swamp:2:  nicolae_swamp_dense_foliage, swamp_pool3
Swamp:3:  evilmike_swamp_ruin_rubble_1, swamp_pool5
Snake:1:  uniq_kirke, uniq_azrael
Snake:2:  basic_stair_grate_trap
Snake:3:  serial_shops, nicolae_shop_window_shopping, grunt_ministairs_7,
          guppyfry_library_mini, serial_bayou_shore_a
Snake:4:  snake_pit
Orc:2:    minmay_goldmine, serial_shops, shop, portal_ice_cave_entry_pillars_02
Orc:3:    nicolae_orc_pool_cavern, hangedman_minor_magic
Orc:4:    st_orc_ogre_mass, lab_entry_generic, uniq_maud
Elf:1:    orc_legates
Elf:2:    trove_entry_hex_spiral, uniq_asterion
Elf:3:    grunt_elf_hall_asides, serial_shops, shop_statue, shop, spider_trap,
          fountainhead, uniq_aizul, uniq_saint_roka, uniq_norris
Lab:      labyrinth_hidden_loot, nicolae_lab_hexagon
IceCv:    ice_cave_small_giant

Vanquished Creatures
  Norris Saint Roka
  A large abomination Asterion
  2 deep elf blademasters
  2 deep elf master archers
  4 thorn hunters Kirke Roxanne
  A frost giant
  9 greater nagas Maud
  4 deep elf sorcerers Aizul
  A salamander stormcaller
  6 deep elf annihilators Azrael
  9 deep elf demonologists
  2 fire dragons
  4 deep elf death magi
  4 deep elf high priests
  A minotaur Fannar
  15 hydras
  The ghost of Conn321 the Nimble, a powerful CeAM of Sif Muna Harold
  11 naga warriors
  A rakshasa Erolcha
  2 ghost crabs
  A queen ant
  A catoblepas Erica
  A centaur warrior
  10 anacondas
  3 dancing weapons
  3 alligators
  4 tengu warriors
  21 death yaks
  5 ogre magi
  2 orc high priests
  13 shock serpents
  19 naga sharpshooters Nergalle
  8 spriggans
  11 deep elf knights
  2 salamander mystics
  8 naga ritualists
  4 sea snakes
  An unseen horror
  5 spriggan druids
  8 deep elf summoners
  An ice statue
  A shambling mangrove
  3 swamp dragons
  6 hill giants
  10 deep elf conjurers
  4 griffons
  A necromancer
  3 manticores
  An orb spider (shapeshifter)
  3 orc sorcerers
  2 hornets
  6 mana vipers
  10 ugly things
  A wolf spider
  4 cyclopes
  12 salamanders
  A faun (shapeshifter)
  3 centaur zombies
  26 elephants
  5 guardian serpents Maurice
  A spiny frog (shapeshifter)
  Joseph
  A moth of wrath (shapeshifter)
  42 black mambas
  A kobold demonologist
  A gargoyle
  22 naga magi
  25 spiny frogs
  A fire drake (shapeshifter)
  An efreet
  10 komodo dragons
  2 fire drakes
  8 deep elf priests
  3 giant leeches
  14 polar bears
  3 tengu conjurers
  14 slime creatures Grinder
  2 boulder beetles
  A freezing wraith
  5 trolls
  16 two-headed ogres
  6 bog bodies
  11 blink frogs
  2 trapdoor spiders
  53 yaks
  A redback
  23 deep elf magi
  2 fire elementals
  9 basilisks
  6 wraiths
  8 wyverns Grum
  2 steam dragons
  8 hippogriffs
  15 swamp worms
  23 vampire mosquitoes
  6 wargs
  4 hogs Menkaure
  28 deep elf fighters
  5 hungry ghosts
  26 insubstantial wisps
  10 soldier ants
  37 nagas
  2 hell hounds
  19 wolves
  30 water moccasins
  11 swamp drakes
  37 ogres
  4 sky beasts
  13 wasps
  16 porcupines
  22 orc warriors
  2 black bears
  10 spiders
  A necrophage
  2 eyes of draining
  7 centaurs
  A phantom
  5 boggarts
  4 ice beasts
  21 crocodiles
  26 giant frogs
  5 big kobolds
  2 wyvern zombies
  An elf skeleton
  A water moccasin skeleton
  6 killer bees
  4 scorpions
  7 wights
  2 electric eels
  10 crimson imps
  2 human zombies
  8 jellies
  A wasp zombie
  A quasit
  An iron imp Crazy Yiuf Ijyb
  8 hounds
  49 orc wizards
  6 centaur skeletons
  27 orc priests
  37 worker ants
  4 giant frog skeletons
  2 giant frog zombies
  3 iguanas
  2 killer bee zombies
  37 sheep
  3 mummies
  18 adders
  3 gnolls
  7 shadow imps
  95 river rats
  A white imp
  5 oozes
  An adder skeleton
  2 worms
  7 giant geckos
  231 orcs
  3 bats
  11 goblins
  8 hobgoblins
  6 jackals
  3 quokkas
  8 giant cockroaches
  7 giant newts
  15 kobolds
  An orc skeleton
  2 orc zombies
  2 quokka skeletons
  16 rats
  2 briar patches
  A bush
  64 fungi
  42 plants
1814 creatures vanquished.
